 Dungeon Crawl Stone Soup version 0.29.0-4-gdea44cf6ec (webtiles) character file.

Game seed: 13642676502725054327

26 qw the Chopper (level 3, -4/21 HPs)
             Began as a Tengu Warper on Aug 28, 2022.
             Slain by Natasha (7 damage)
             ... on level 2 of the Dungeon.
             The game lasted 00:00:05 (1054 turns).

qw the Chopper (Tengu Warper)                       Turns: 1054, Time: 00:00:05

Health: -4/21      AC:  3    Str: 13    XL:     3   Next: 8%
Magic:  7/7        EV: 12    Int: 13    God:
Gold:   49         SH:  0    Dex: 13    Spells: 6/6 levels left

rFire   . . .      SeeInvis .   Y - +0 hand axe
rCold   . . .      Faith    .   (no shield)
rNeg    . . .      Spirit   .   b - +0 leather armour
rPois   +          Reflect  .   (helmet restricted)
rElec   .          Harm     .   (no cloak)
rCorr   .          Rampage  .   (no gloves)
Will    .....                   (boots unavailable)
Stlth   +.........              (no amulet)
HPRegen 0.07/turn               e - ring of poison resistance
MPRegen 0.10/turn               (no ring)

@: no status effects
A: beak, talons 3
a: no special abilities


You were on level 2 of the Dungeon.
You visited 1 branch of the dungeon, and saw 2 of its levels.

You collected 49 gold pieces.


Innate Abilities, Weirdness & Mutations

You have a beak for a mouth.
You have claws for feet.


   Skills:
 - Level 2.0 Fighting
 + Level 3.8 Axes
 - Level 1.0 Throwing
 - Level 1.1 Armour
 - Level 2.1 Dodging
 - Level 2.0 Spellcasting
 - Level 2.4 Translocations


You had 6 spell levels left.
You didn't know any spells.
Your spell library contained the following spells:

 Spells                   Type           Power      Damage    Failure   Level
 Blink                    Tloc           14%        N/A       19%         2
 Gell's Gravitas          Tloc           7%         N/A       36%         3
 Lesser Beckoning         Tloc           7%         N/A       36%         3
 Teleport Other           Tloc           7%         N/A       36%         3
 Manifold Assault         Tloc           7%         N/A       98%         5

Inventory:

Hand Weapons
 d - a +0 whip
 Y - a +0 hand axe (weapon)
Armour
 b - a +0 leather armour (worn)
Jewellery
 e - a ring of poison resistance (left hand)
Potions
 i - a potion of heal wounds {unknown}

Dungeon Overview and Level Annotations

Branches:
Dungeon (2/15)

Altars:

Annotations:
D:2 Natasha


Message History

A ball python comes into view.
The ball python hisses angrily.
You barely miss the ball python. You claw the ball python.
You kill the ball python!
Natasha, Servant of Life and Death comes into view.
Natasha hisses angrily.
A gnoll comes into view. It is wielding a +0 whip.
Natasha barely misses you.
You hit Natasha. You claw Natasha, but do no damage. Your peck misses Natasha.
Natasha is lightly wounded.
Natasha closely misses you. Natasha claws you but does no damage.
You completely miss Natasha. You claw Natasha.
Natasha is lightly wounded.
Natasha claws you. The gnoll hits you with a +0 whip.
You hit Natasha.
Natasha is moderately wounded.
You hit the gnoll. Natasha completely misses you. The gnoll barely misses you.
You closely miss Natasha. Your peck misses Natasha.
Natasha is moderately wounded.
You hit the gnoll. Natasha barely misses you.
The gnoll hits you with a +0 whip.
You hit the gnoll.
You kill the gnoll!
You hit Natasha. Natasha misses you.
You have reached level 3!
Your experience leads to an increase in your attributes!
Increase (S)trength, (I)ntelligence, or (D)exterity?
You feel stronger. x2
You closely miss Natasha.
Natasha is severely wounded.
Natasha claws you.
You hit Natasha. You claw Natasha, but do no damage.
Natasha is severely wounded.
Natasha barely misses you.
You closely miss Natasha. You claw Natasha, but do no damage. You peck Natasha.
Natasha is severely wounded.
Natasha claws you!
You die...

### ### #.. ... ######
#.# #.# # .....# #.###.#
.# .....####...(.#####.#
...........%........#
......####....####..###.
......# #.....##.......
.....)# #......@h..#
.....## #....?##).##
.....# #.....# .....
.....# #####......###
##.### #........ #.#
##.#.#.... ##.#######
.#.#.#### ........<#
.#.#.. ##.#######


You could see Natasha.

Vanquished Creatures
  A gnoll (D:2)
  A worm (D:2)
  2 endoplasms (D:1)
  2 goblins (D:1)
  2 hobgoblins (D:1)
  A ball python (D:2)
  2 bats (D:1)
  3 kobolds (D:1)
  A rat (D:2)
15 creatures vanquished.

Vanquished Creatures (others)
  6 plants (D:1)
6 creatures vanquished.

Grand Total: 21 creatures vanquished

Notes
Turn   | Place    | Note
-------+----------+-------------------------------------------
     0 | D:1      | qw the Tengu Warper began the quest for the Orb.
     0 | D:1      | Reached XP level 1. HP: 12/12 MP: 4/4
     0 | D:1      | 0 ||| qw: Version: 0.1-a-89-g26bdef1
     0 | D:1      | 0 ||| qw: Game counter: 203
     0 | D:1      | 0 ||| qw: Always use a shield: true
     0 | D:1      | 0 ||| qw: God list: Okawaru
     0 | D:1      | 0 ||| qw: Allow faded altars: false
     0 | D:1      | 0 ||| qw: Do Orc after D:15 true
     0 | D:1      | 0 ||| qw: Do second Lair branch before Depths: true
     0 | D:1      | 0 ||| qw: Lair rune preference: random
     0 | D:1      | 0 ||| qw: Plans: Normal
     0 | D:1      | 0 ||| PLANNING D:1-11
   316 | D:1      | Reached skill level 3 in Axes
   316 | D:1      | Reached XP level 2. HP: 17/17 MP: 6/6
   447 | D:1      | Found a faded altar of an unknown god.
   494 | D:1      | 494 ||| Stepping ~*~*~tactically~*~*~ (stealth).
   496 | D:1      | 496 ||| Stepping ~*~*~tactically~*~*~ (stealth).
   501 | D:1      | 501 ||| Stepping ~*~*~tactically~*~*~ (stealth).
   503 | D:1      | 503 ||| Stepping ~*~*~tactically~*~*~ (stealth).
   512 | D:1      | 512 ||| DROPPING +0 club.
   778 | D:1      | 778 ||| UPGRADING to ring of poison resistance.
   779 | D:1      | 779 ||| READING scroll labelled OZYUH OTUD.
   780 | D:1      | 780 ||| READING scroll labelled XOLATA BUXOBB.
   781 | D:1      | 781 ||| READING scroll labelled OSSEACZAYGU.
   785 | D:1      | 785 ||| DROPPING scroll of blinking.
   867 | D:2      | 867 ||| FLEEEEING.
   868 | D:2      | 868 ||| FLEEEEING.
   869 | D:2      | 869 ||| FLEEEEING.
   870 | D:2      | 870 ||| FLEEEEING.
  1043 | D:2      | Noticed Natasha
  1052 | D:2      | Reached XP level 3. HP: 7/21 MP: 7/7
  1052 | D:2      | HP: 2/21 [Natasha (5)]
  1054 | D:2      | Slain by Natasha

Levels and vault maps discovered:
D:1:      ebering_trefoil_twist, layout_loops_ring,
          hellmonk_ecumenical_altar_run_dry, serial_bayou,
          serial_bayou_crossing, serial_bayou_lagoon_b, serial_bayou_ford_a,
          serial_bayou_pond_d
D:2:      layout_basic, uniq_natasha

Skill      XL: |  1 |
---------------+----+-----
Axes           | 3 |  3.8
Fighting       | |  2.0
Throwing       | |  1.0
Armour         | |  1.1
Dodging        | |  2.1
Spellcasting   | |  2.0
Translocations | |  2.4

Action                   || total
-------------------------++-------
Melee: Hand axe          ||    30
       Kick              ||     8
       Peck              ||     3
Throw: Boomerang         ||     7
  Use: Scroll            ||     3
Armor: Leather armour    ||     4
Dodge: Dodged            ||    15

Table legend:
 A = Non-vault XP
 B = Vault XP
 C = Vault XP percentage of total XP
 D = Non-vault monster count
 E = Vault monster count
 F = Vault count percentage of total count
                 A         B        C        D         E       F
            +---------+---------+-------+---------+---------+-------
      Total |      38 |       0 |   0.0 |      15 |       0 |   0.0
            +---------+---------+-------+---------+---------+-------
        D:1 |      18 |       0 |   0.0 |      11 |       0 |   0.0
        D:2 |      20 |       0 |   0.0 |       4 |       0 |   0.0
            +---------+---------+-------+---------+---------+-------
